 Dungeon Crawl Stone Soup version 0.17-b1-18-g553e9fc (webtiles) character file.

238 Kloppie the Poker (level 5, 0/41 HPs)
             Began as a Centaur Gladiator on Nov 4, 2015.
             Was a Believer of Elyvilon.
             Slain by a river rat (4 damage)
             ... on level 4 of the Dungeon.
             The game lasted 00:05:36 (3370 turns).

Kloppie the Poker (Centaur Gladiator)               Turns: 3370, Time: 00:05:36

Health: 0/41       AC:  6    Str: 17    XL:     5   Next: 78%
Magic:  5/5        EV: 10    Int:  7    God:    Elyvilon [**....]
Gold:   222        SH:  0    Dex: 11    Spells: 0 memorised, 4 levels left

rFire  . . .     SeeInvis .     a - +0 trident
rCold  . . .     Clarity  .     b - +0 leather armour
rNeg   . . .     SustAt   .     (no shield)
rPois  .         Gourm    .     c - +0 helmet
rElec  .         Spirit   .     i - +0 cloak
rCorr  .         Warding  .     (no gloves)
rMut   .         Stasis   .     (no barding)
MR     .....                    (no amulet)
Stlth  +.........               (no ring)
                                (no ring)

@: very quick, not resistant to hostile enchantments, very unstealthy
A: hooves 3, deformed body, speed 2, tough skin 3
a: Lesser Healing, Divine Protection, Heal Other, Renounce Religion


You were on level 4 of the Dungeon.
You worshipped Elyvilon.
Elyvilon was pleased with you.
You were not hungry.

You visited 1 branch of the dungeon, and saw 4 of its levels.

You collected 222 gold pieces.

Inventory:

Hand Weapons
 a - a +0 trident (weapon)
Missiles
 d - 3 throwing nets (quivered)
 v - 26 arrows
Armour
 b - a +0 leather armour (worn)
 c - a +0 helmet (worn)
 i - a +0 cloak (worn)
 z - a +0 leather armour of magic resistance
Jewellery
 s - an uncursed ring of ice {unknown}
 t - an uncursed ring of sustain attributes {unknown}
Wands
 u - a wand of flame (22)
 y - a wand of fireball (9)
Scrolls
 f - 4 scrolls of remove curse {unknown}
 h - 4 scrolls of identify {unknown}
 m - a scroll of recharging {unknown}
 r - 2 scrolls of random uselessness {unknown}
 w - a scroll of magic mapping {unknown}
Potions
 g - 4 potions of curing {unknown}
 j - a potion of invisibility {unknown}
 k - a potion of magic {unknown}
 l - a potion of cancellation {unknown}
 n - a potion of haste {unknown}
 o - 2 potions of flight {unknown}
 p - 3 potions of heal wounds {unknown}
Comestibles
 e - 2 bread rations
 q - 3 meat rations
 x - 5 chunks of flesh


   Skills:
 - Level 2.0 Fighting
 + Level 4.5 Polearms
 - Level 2.1 Throwing
 + Level 3.8 Dodging


You had 4 spell levels left.
You didn't know any spells.

Dungeon Overview and Level Annotations

Branches:
Dungeon (4/15)
 Temple: D:4-7

Altars:
Elyvilon
Sif Muna
Zin


Innate Abilities, Weirdness & Mutations

You have hooves in place of feet.
Armour fits poorly on your strangely shaped body.
You cover ground very quickly.
You have extremely tough skin (AC +3).


Message History

You kill the river rat!
You puncture the river rat!
You kill the river rat!
You hit the river rat.
The river rat is moderately wounded.
You hear the quick hiss of a very distant avalanche of sand.
The river rat closely misses you.
You completely miss the river rat.
You kick the river rat, but do no damage.
The river rat is moderately wounded.
The river rat bites you!
* * * LOW HITPOINT WARNING * * *
You barely miss the river rat.
The river rat is moderately wounded.
The river rat bites you.
* * * LOW HITPOINT WARNING * * *
You hit the river rat but do no damage. Your kick misses the river rat.
The river rat is moderately wounded.
The river rat bites you.
You die...

#### ######### #... #.......#
#.## #####.#####.# ######.##
#.....#. #@# #.......# #.....#.r
#r# #.####.## ######.....#.rr#r#
####.###..## ...........#rr.rr#
#.>......... ##.###.....#.rr#.#
###..###.... ##.#########.rr#.#
#....#...... .......#.. #.r #.#
##..........
...#####.#######.#####...........
...# #........#.##...#..##.#..#.


You could see 4 river rats.

Vanquished Creatures
  A hound (D:4)
  An orc wizard (D:4)
  4 gnolls
  2 adders (D:2)
  4 river rats (D:4)
  2 oozes
  2 worms (D:2)
  2 giant geckos
  3 orcs (D:4)
  7 giant cockroaches
  11 hobgoblins
  6 jackals (D:4)
  2 quokkas
  10 bats
  2 giant newts
  6 goblins
  6 kobolds
  12 rats
83 creatures vanquished.

Notes
Turn   | Place    | Note
--------------------------------------------------------------
     0 | D:1      | Kloppie the Centaur Gladiator began the quest for the Orb.
     0 | D:1      | Reached XP level 1. HP: 17/17 MP: 1/1
   416 | D:1      | Reached XP level 2. HP: 24/24 MP: 2/2
   436 | D:1      | Reached skill level 3 in Polearms
  1189 | D:2      | Reached XP level 3. HP: 13/29 MP: 3/3
  1737 | D:2      | Found a faded altar to an unknown god.
  1754 | D:2      | Became a worshipper of Elyvilon the Healer
  1754 | D:2      | Reached * piety under Elyvilon
  1806 | D:2      | Reached XP level 4. HP: 32/36 MP: 4/4
  2381 | D:3      | Reached ** piety under Elyvilon
  2385 | D:3      | Found a deep blue altar of Sif Muna.
  2572 | D:3      | Found a glowing silver altar of Zin.
  2572 | D:3      | Noticed an angel
  3125 | D:4      | Reached skill level 4 in Polearms
  3182 | D:4      | Reached XP level 5. HP: 33/41 MP: 5/5
  3370 | D:4      | Slain by a river rat

Action                   |  1- 3 |  4- 6 || total
-------------------------+-------+-------++-------
Melee: Trident           |   175 |   133 ||   308
  Eat: Chunk             |     2 |     4 ||     6
